 Dungeon Crawl Stone Soup version 0.23.1 (webtiles) character file.

Game seed: 0

182 Gearfox the Shield-Bearer (level 5, -6/41 HPs)
             Began as a Human Fighter on Mar 2, 2019.
             Mangled by Grinder (7 damage)
             ... on level 4 of the Dungeon on Mar 3, 2019.
             The game lasted 00:08:37 (2882 turns).

Gearfox the Shield-Bearer (Human Fighter)           Turns: 2882, Time: 00:08:38

Health: -6/41      AC:  6    Str: 17    XL:     5   Next: 93%
Magic:  5/5        EV:  7    Int:  8    God:
Gold:   126        SH: 10    Dex: 13    Spells: 4/4 levels left

rFire    . . .     SeeInvis .   n - +4 short sword
rCold    . . .     Gourm    .   c - +1 shield
rNeg     . . .     Faith    .   b - +0 scale mail
rPois    .         Spirit   .   (no helmet)
rElec    .         Reflect  .   (no cloak)
rCorr    .         Harm     .   (no gloves)
MR       .....                  (no boots)
Stlth    ..........             (no amulet)
HPRegen  0.13/turn              (no ring)
MPRegen  0.09/turn              (no ring)

@: no status effects
A: no striking features
a: no special abilities


You were on level 4 of the Dungeon.
You were not hungry.

You visited 1 branch of the dungeon, and saw 4 of its levels.

You collected 126 gold pieces.

Inventory:

Hand Weapons
 a - a +0 long sword
 n - a +4 short sword (weapon)
Armour
 b - a +0 scale mail (worn)
 c - a +1 shield (worn)
 s - a +0 plate armour
Jewellery
 g - a +3 ring of intelligence
Wands
 t - a wand of iceblast (5)
Scrolls
 m - a scroll of remove curse
 q - 2 scrolls of teleportation
Potions
 d - a potion of might
 e - 3 potions of haste
 h - 3 potions of curing
 j - a potion of heal wounds {unknown}
 o - a potion of agility {unknown}
Comestibles
 f - 6 rations
 i - 7 chunks of flesh


   Skills:
 + Level 3.4 Fighting
 - Level 0.9(2.6) Short Blades
 * Level 4.0(4.1) Long Blades
 - Level 3.0 Armour
 + Level 0.8 Stealth
 + Level 4.2 Shields


You had 4 spell levels left.
You didn't know any spells.
Your spell library was empty.

Dungeon Overview and Level Annotations

Branches:
Dungeon (4/15)
 Temple: D:4-7

Altars:

Annotations:
D:4 Grinder


Message History

You hit Grinder.
Grinder is moderately wounded.
Grinder hits you!
You writhe in agony.
You closely miss Grinder.
Grinder is moderately wounded.
Grinder gestures at you.
You barely resist. You closely miss Grinder.
Grinder is moderately wounded.
Grinder hits you!
You writhe in agony.
You puncture Grinder!
Grinder is heavily wounded.
Grinder hits you!
* * * LOW HITPOINT WARNING * * *
You writhe in agony.
* * * LOW HITPOINT WARNING * * *
Your shield and scale mail prevent you from hitting Grinder.
Grinder is heavily wounded.
Grinder hits you!
You die...

.. ....# ###.
#...# ... #.#.#
#..##.#.##
##........
..#..!.#.#.#
.......#5#.######
........@<......#
......#.........#
..... #.........#
.... #.........#
... ..........#
.. .##......>.# .
.. ..<......# ##
.........#


You could see Grinder.

Vanquished Creatures
  A crimson imp (D:2)
  An orc priest (D:3)
  A gnoll (D:1)
  5 adders
  A worm (D:2)
  A dart slug (D:1)
  A leopard gecko (D:3)
  2 orcs (D:3)
  4 giant cockroaches
  9 goblins
  6 hobgoblins
  2 jackals (D:1)
  4 kobolds
  3 quokkas
  7 bats
  A frilled lizard (D:1)
  6 rats
55 creatures vanquished.

Notes
Turn   | Place    | Note
-------+----------+-------------------------------------------
     0 | D:1      | Gearfox the Human Fighter began the quest for the Orb.
     0 | D:1      | Reached XP level 1. HP: 18/18 MP: 1/1
   173 | D:1      | Reached XP level 2. HP: 21/24 MP: 2/2
   551 | D:1      | Reached XP level 3. HP: 29/29 MP: 3/3
  1530 | D:2      | Reached XP level 4. HP: 27/35 MP: 4/4
  1725 | D:2      | Reached XP level 5. HP: 37/41 MP: 5/5
  1766 | D:2      | Found a faded altar of an unknown god.
  2835 | D:4      | Noticed Grinder
  2869 | D:4      | Paralysed by Grinder for 4 turns
  2881 | D:4      | HP: 1/41 [Grinder (4)]
  2882 | D:4      | Mangled by Grinder

Skill      XL: |  1  2  3  4  5 |
---------------+----------------+-----
Long Blades    | 3 4 |  4.0
Shields        | 4 |  4.2
Fighting       | |  3.4
Short Blades   | |  0.9
Armour         | |  3.0
Stealth        | |  0.8

Action                   |  1- 3 |  4- 6 || total
-------------------------+-------+-------++-------
Melee: Long sword        |    68 |       ||    68
       Short sword       |    31 |   107 ||   138
  Use: Scroll            |       |    13 ||    13
  Eat: Chunk             |     2 |     4 ||     6
Armor: Scale mail        |    58 |    68 ||   126
Dodge: Dodged            |    40 |    62 ||   102
Block: Shield            |    61 |    81 ||   142
       Rpst.: Long sword |     9 |       ||     9
